 Dungeon Crawl Stone Soup version 0.29-a0-398-ge13fd1374b (webtiles) character file.

Game seed: 2104844509911520220

1824 hquester the Covert (level 8, -2/42 HPs)
             Began as a Spriggan Hunter on May 12, 2022.
             Killed from afar by a steam dragon (17 damage)
             ... with a ball of steam
             ... on level 6 of the Dungeon.
             The game lasted 01:00:39 (5337 turns).

hquester the Covert (Spriggan Hunter)               Turns: 5337, Time: 01:00:40

Health: -2/42      AC:  9    Str:  7    XL:     8   Next: 86%
Magic:  9/9        EV: 23    Int: 10    God:
Gold:   294        SH:  0    Dex: 24    Spells: 7/7 levels left

rFire   . . .      SeeInvis +   a - +1 shortbow
rCold   . . .      Faith    .   (shield currently unavailable)
rNeg    . . .      Spirit   .   b - +0 robe
rPois   .          Reflect  .   (helmet restricted)
rElec   .          Harm     .   n - +2 cloak
rCorr   .          Rampage  .   (gloves unavailable)
Will    +....                   (boots unavailable)
Stlth   +++++.....              (no amulet)
HPRegen 0.14/turn               l - ring of the Townfolk {AC+4 Dex+3}
MPRegen 0.11/turn               (no ring)

@: very quick
A: very small, no large weapons, unfitting armour, see invisible, speed 3
a: no special abilities


You were on level 6 of the Dungeon.
You visited 1 branch of the dungeon, and saw 6 of its levels.

You collected 294 gold pieces.

Inventory:

Hand Weapons
 a - a +1 shortbow (weapon)
 e - a +1 vampiric dagger
 m - a +3 quarterstaff of chaos
 o - a +6 flail of draining
Armour
 b - a +0 robe (worn)
 n - a +2 cloak (worn)
 x - a +0 buckler
Jewellery
 i - a ring of protection from fire
 l - the ring of the Townfolk (left hand) {AC+4 Dex+3}
   (You found it on level 3 of the Dungeon)

   [ring of protection]

   AC:        It affects your AC (+4).
   Dex:       It affects your dexterity (+3).
Wands
 q - a wand of iceblast (13)
Scrolls
 c - 2 scrolls of immolation
 j - a scroll of poison
 r - 2 scrolls of magic mapping
 t - a scroll of enchant armour
 u - a scroll of torment {unknown}
 v - 2 scrolls of teleportation
 y - a scroll of fear
Potions
 d - 3 potions of haste
 f - 4 potions of berserk rage
 g - a potion of resistance {unknown}
 h - 3 potions of curing
 k - 3 potions of mutation
 p - a potion of invisibility {unknown}
 s - a potion of degeneration {unknown}
 w - 2 potions of experience {unknown}


   Skills:
 + Level 4.1 Fighting
 - Level 0.2 Short Blades
 * Level 9.1 Bows
 - Level 1.1 Armour
 * Level 6.7 Dodging
 + Level 9.7 Stealth
 - Level 1.0 Shields
 + Level 0.0 Invocations
 + Level 1.3 Evocations


You had 7 spell levels left.
You didn't know any spells.
Your spell library contained the following spells:

 Spells                   Type           Power      Damage    Failure   Level
 Magic Dart               Conj           0%         1d3       36%         1
 Call Imp                 Summ           0%         N/A       50%         2
 Corpse Rot               Necr/Air       0%         N/A       50%         2
 Poisonous Vapours        Pois/Air       0%         N/A       50%         2
 Ignite Poison            Fire/Tmut/Pois 0%         N/A       75%         3
 Mephitic Cloud           Conj/Pois/Air  0%         N/A       75%         3
 Ozocubu's Armour         Ice            0%         N/A       75%         3
 Leda's Liquefaction      Hex/Erth       0%         N/A       98%         4
 Freezing Cloud           Conj/Ice/Air   0%         6-21      100%        5
 Lee's Rapid Deconstruct  Erth           0%         3d5*      100%        5
 Metabolic Englaciation   Hex/Ice        0%         N/A       100%        5
 Simulacrum               Ice/Necr       0%         N/A       100%        6
 Statue Form              Tmut/Erth      0%         N/A       100%        6
 Ozocubu's Refrigeration  Ice            0%         4d5       100%        7


Dungeon Overview and Level Annotations

Branches:
Dungeon (6/15)
 Temple: D:4-7

Altars:
Makhleb

Shops:
D:3 (


Innate Abilities, Weirdness & Mutations

You are very small and have problems with some larger weapons.
You are too small for most types of armour.
You have supernaturally acute eyesight. (SInv)
You cover ground extremely quickly. (Speed+++)


Message History

Shoot: a) +1 shortbow
Press: ? - help, Q - select action, (/) - cycle Shift-Dir - straight line, f/p - steam dragon
Aim: a steam dragon (severely wounded, 71% to hit)
You shoot an arrow. The arrow hits the steam dragon.
The steam dragon is severely wounded.
Shoot: a) +1 shortbow
Press: ? - help, Q - select action, (/) - cycle Shift-Dir - straight line, f/p - steam dragon
Aim: a steam dragon (severely wounded, 71% to hit)
You shoot an arrow.
The arrow barely misses the steam dragon.
The steam dragon breathes steam at you. The ball of steam hits you!
* * * LOW HITPOINT WARNING * * *
Items here: ( )) [.
Shoot: a) +1 shortbow
Press: ? - help, Q - select action, (/) - cycle Shift-Dir - straight line, f/p - steam dragon
Aim: a steam dragon (severely wounded, 71% to hit)
You shoot an arrow. The arrow hits the steam dragon.
The steam dragon is almost dead.
You start resting.
A steam dragon is nearby!
Shoot: a) +1 shortbow
Press: ? - help, Q - select action, (/) - cycle Shift-Dir - straight line, f/p - steam dragon
Aim: a steam dragon (almost dead, 71% to hit)
You shoot an arrow. The arrow hits the steam dragon.
The steam dragon is almost dead.
You see here 16 stones.
Shoot: a) +1 shortbow
Press: ? - help, Q - select action, (/) - cycle Shift-Dir - straight line, f/p - steam dragon
Aim: a steam dragon (almost dead, 71% to hit)
You shoot an arrow.
The arrow closely misses the steam dragon.
Shoot: a) +1 shortbow
Press: ? - help, Q - select action, (/) - cycle Shift-Dir - straight line, f/p - steam dragon
Aim: a steam dragon (almost dead, 71% to hit)
You shoot an arrow.
The arrow closely misses the steam dragon.
The steam dragon breathes steam at you. The ball of steam hits you!
You die...

###...##..##.......
##......###..♣.♣.♣
#...#...###.......
##...##.........♣..
#......D#..##......
##.....##..###..♣..
##..§.###..##...... #..§###
##..)...♣..
##@#######D)#......
#####.##...##)##...♣..
#####.#....#......##......
#.....#.....D#..#####..♣..
#...........##...#.##.....
#...##.#...##..........♣..
###..#..#...##.............
#............#..........♣..
##...........###.#..........


There were no monsters in sight!

Vanquished Creatures
  Pikel (D:5)
  Sigmund (D:2)
  Edmund (D:4)
  An ice beast (D:5)
  A sky beast (D:4)
  An ogre (D:5)
  2 centaurs
  2 phantoms
  2 lemures (D:5)
  A necrophage (D:4)
  A jelly (D:4)
  Crazy Yiuf (D:2)
  An iguana (D:5)
  5 orc wizards
  6 gnolls
  6 adders
  A shadow imp (D:5)
  A white imp (D:6)
  An ufetubus (D:4)
  2 worms
  A dart slug (D:1)
  17 orcs
  4 endoplasms
  3 giant cockroaches
  11 goblins
  8 hobgoblins
  3 jackals (D:1)
  7 quokkas
  8 ball pythons
  6 bats
  3 frilled lizards
  9 kobolds
  4 rats
122 creatures vanquished.

Vanquished Creatures (others)
  A fungus (D:2)
1 creature vanquished.

Grand Total: 123 creatures vanquished

Notes
Turn   | Place    | Note
-------+----------+-------------------------------------------
     0 | D:1      | hquester the Spriggan Hunter began the quest for the Orb.
     0 | D:1      | Reached XP level 1. HP: 10/10 MP: 2/2
    74 | D:1      | Reached skill level 5 in Bows
    80 | D:1      | Reached XP level 2. HP: 15/15 MP: 3/3
   389 | D:1      | Reached XP level 3. HP: 18/18 MP: 4/4
   502 | D:2      | Noticed Sigmund
   615 | D:2      | Reached XP level 4. HP: 23/23 MP: 5/5
   919 | D:2      | Found a runed translucent door.
   920 | D:2      | Noticed Crazy Yiuf
   975 | D:2      | Killed Crazy Yiuf
  1160 | D:2      | Reached XP level 5. HP: 26/26 MP: 6/6
  1292 | D:2      | Killed Sigmund
  1293 | D:2      | Reached skill level 5 in Stealth
  1293 | D:2      | Reached XP level 6. HP: 26/32 MP: 7/7
  1962 | D:3      | Found a burning altar of Makhleb.
  1962 | D:3      | Noticed a blizzard demon
  1968 | D:3      | Noticed an orange demon
  1968 | D:3      | Noticed a smoke demon
  2148 | D:3      | Found Zuret's Antique Weapon Boutique.
  2348 | D:3      | Identified the ring of the Townfolk {AC+4 Dex+3}
  2471 | D:3      | Found a faded altar of an unknown god.
  2606 | D:4      | Noticed Edmund
  2767 | D:4      | Killed Edmund
  2768 | D:4      | Reached XP level 7. HP: 35/35 MP: 8/8
  2929 | D:4      | Reached skill level 5 in Dodging
  3437 | D:5      | Entered Level 5 of the Dungeon
  3530 | D:5      | Noticed Pikel
  3545 | D:5      | Killed Pikel
  3546 | D:5      | Reached XP level 8. HP: 42/42 MP: 9/9
  4260 | D:5      | Reached skill level 1 in Shields
  4424 | D:6      | Reached skill level 1 in Armour
  4637 | D:6      | Reached skill level 1 in Evocations
  5337 | D:6      | Killed from afar by a steam dragon

Illustrated notes

Levels and vault maps discovered:
D:1:      lightli_arrival_statuegarden, layout_rooms
D:2:      layout_loops_ring, supply_closet_lemuel, chequers_arboretum,
          uniq_sigmund, uniq_crazy_yiuf_cottage
D:3:      layout_loops_ring, makhleb_altar_promises_db, serial_shops,
          nicolae_shop_window_shopping, dilly_ecumenical_altar_fadedgnrine,
          minmay_increasing_density
D:4:      layout_basic, kennysheep_nub, uniq_edmund
D:5:      layout_basic, uniq_pikel
D:6:      layout_cave_pools, serial_park, serial_park_tiny_2,
          serial_park_fountain

Skill      XL: |  1  2  3  4  5  6  7  8 |
---------------+-------------------------+-----
Stealth        | 2 3 4 5 6 9 |  9.7
Bows           | 5 6 7 8 9 |  9.1
Dodging        | 3 4 6 |  6.7
Fighting       | 2 3 4 |  4.1
Shields        | 1 |  1.0
Armour         | 1 |  1.1
Evocations     | 1 |  1.3
Short Blades   | |  0.2

Action                   |  1- 3 |  4- 6 |  7- 9 || total
-------------------------+-------+-------+-------++-------
 Fire: Shortbow          |    57 |   134 |   181 ||   372
  Use: Scroll            |       |     5 |     9 ||    14
Armor: Robe              |     1 |       |     2 ||     3
Dodge: Dodged            |     7 |     4 |    31 ||    42

Table legend: (Time is in decaauts)
 A = Elapsed time spent in this place.
 B = Non-inter-level travel time spent in this place.
 C = Inter-level travel time spent in this place.
 D = Time resting spent in this place.
 E = Time spent auto-exploring this place.
 F = Levels seen in this place.
 G = Mean time per level.
                   A        B        C        D        E       F      G
               +--------+--------+--------+--------+--------+-----+--------+
         Total |   3665 |   3665 |      0 |     26 |   2102 |   6 |  610.8 |
       Dungeon |   3665 |   3665 |      0 |     26 |   2102 |   6 |  610.8 |
               +--------+--------+--------+--------+--------+-----+--------+

Top non-repeatable levels by time:
     D:6: 697 daAuts
     D:3: 675 daAuts
     D:2: 674 daAuts
     D:5: 664 daAuts
     D:4: 633 daAuts
     D:1: 320 daAuts
